 Dungeon Crawl Stone Soup version 0.22-a0-858-g985ef60 (webtiles) character file.

15 Kidiri the Grave Robber (level 2, -4/15 HPs)
             Began as a Deep Elf Necromancer on July 27, 2018.
             Slain by a kobold
             ... wielding a +0 whip
              (6 damage)
             ... on level 1 of the Dungeon.
             The game lasted 00:02:05 (580 turns).

Kidiri the Grave Robber (Deep Elf Necromancer)       Turns: 580, Time: 00:02:06

Health: -4/15      AC:  2    Str:  5    XL:     2   Next: 34%
Magic:  0/8        EV: 13    Int: 19    God:
Gold:   0          SH:  0    Dex: 15    Spells: 6/8 levels left

rFire    . . .     SeeInvis .   e - +0 dagger
rCold    . . .     Gourm    .   (no shield)
rNeg     . . .     Faith    .   a - +0 robe
rPois    .         Spirit   .   (no helmet)
rElec    .         Reflect  .   (no cloak)
rCorr    .         Harm     .   (no gloves)
MR       .....                  (no boots)
Stlth    ++........             (no amulet)
HPRegen  0.05/turn              (no ring)
MPRegen  0.11/turn              (no ring)

@: no status effects
A: no striking features
a: no special abilities


You were on level 1 of the Dungeon.
You were not hungry.

You visited 1 branch of the dungeon, and saw 1 of its levels.

Inventory:

Hand Weapons
 e - a +0 dagger (weapon)
Armour
 a - a +0 robe (worn)
Scrolls
 b - a scroll of remove curse {unknown}
Potions
 d - a potion of degeneration {unknown}
 f - a potion of heal wounds {unknown}
Comestibles
 c - 2 rations


   Skills:
 - Level 2.4 Dodging
 - Level 2.4 Stealth
 * Level 3.9 Spellcasting
 + Level 5.1 Necromancy


You had 6 spell levels left.
You knew the following spells:

 Your Spells              Type           Power        Failure   Level  Hunger
a - Pain                  Necr           ###.         1%          1    None
b - Animate Skeleton      Necr           N/A          1%          1    None

Your spell library contained the following spells:

 Spells                   Type           Power        Failure   Level  Hunger
 Animate Dead             Necr           N/A          17%         4    ####...
 Vampiric Draining        Necr           ###.......   4%          3    ###....
 Regeneration             Chrm/Necr      ##........   14%         3    ###....


Dungeon Overview and Level Annotations

Branches:
Dungeon (1/15)

Altars:


Message History

Aim: a bat (chance to defeat MR: 92%)
The bat writhes in agony!
You kill the bat!
Casting: Pain (safe; 1% risk of failure)
Confirm with . or Enter, or press ? or * to list all spells.
Aiming: Pain (safe; 1% risk of failure)
Press: ? - help, Shift-Dir - straight line, f - kobold
Aim: a kobold, wielding a whip (chance to defeat MR: 92%)
The kobold writhes in agony!
Casting: Pain (safe; 1% risk of failure)
Confirm with . or Enter, or press ? or * to list all spells.
You don't have enough magic to cast that spell.
Unknown command.
Throwing (i - inventory)
g - a throwing net (quivered)
Press: ? - help, Shift-Dir - straight line, f/p - kobold
Aim: a kobold, wielding a whip (moderately wounded)
You throw a throwing net.
The throwing net barely misses the kobold.
The kobold hits you with a whip.
You die...

............)#.#.###..#
................(......
.).......###.#.#....###
.........# #.#...#...(
.........# #.#.#.#..##
.......#####.#.#.#.?####.#.
......................w....
.......#####.#.#K#.#.######
.......# #.#.#@#.#..#
######## #..(#.#.##.#
.....(.....#.# ..
...........#.# #K#
...........#.# ..
###........#.# #.#
##############.###
#................
#......#......#.#


You could see a kobold.

Vanquished Creatures
  A leopard gecko (D:1)
  2 bats (D:1)
  A giant cockroach (D:1)
  2 goblins (D:1)
  2 hobgoblins (D:1)
  A kobold (D:1)
  A frilled lizard (D:1)
  2 rats (D:1)
12 creatures vanquished.

Notes
Turn   | Place    | Note
-------+----------+-------------------------------------------
     0 | D:1      | Kidiri the Deep Elf Necromancer began the quest for the Orb.
     0 | D:1      | Reached XP level 1. HP: 10/10 MP: 6/6
    36 | D:1      | Learned a level 1 spell: Animate Skeleton
   282 | D:1      | Reached skill level 5 in Necromancy
   539 | D:1      | Reached XP level 2. HP: 12/15 MP: 3/8
   580 | D:1      | Slain by a kobold

Vault maps used:
D:1:      onia_arrival_pentagram

Skill      XL: |  1 |
---------------+----+-----
Necromancy     | 5 |  5.1
Dodging        | |  2.4
Stealth        | |  2.4
Spellcasting   | |  3.9

Action                   || total
-------------------------++-------
Melee: Dagger            ||     2
       Unarmed           ||     1
Throw: Throwing net      ||     1
 Cast: Pain              ||    22
       Animate Skeleton  ||     2
Armor: Robe              ||     5
Dodge: Dodged            ||    11

Table legend:
 A = Spawn XP
 B = Non-spawn XP
 C = Spawn XP percentage of total XP
 D = Spawn monster count
 E = Non-spawn monster count
 F = Spawn count percentage of total count
 G = Total turns spent on level
                    A         B        C        D         E        F      G
               +---------+---------+-------+---------+---------+-------+---------
         Total |       0 |      22 |   0.0 |       0 |      12 |   0.0 |   580
               +---------+---------+-------+---------+---------+-------+---------
           D:1 |       0 |      22 |   0.0 |       0 |      12 |   0.0 |   580
               +---------+---------+-------+---------+---------+-------+---------
